Cogmind - Beta 17 @@@ ROGUE MODE // 2026.06.26 @ 09:27:14 // Winter2019/RPGLIKE Player: Ethanw80 Result: Core melted Performance ------------- Evolutions (2) 1000 Regions Visited (6) 1200 Robots Destroyed (90) 450 Value Destroyed (2335) 2335 Prototype IDs (0) 0 Alien Tech Used (0) 0 Bonus (362) 362 TOTAL SCORE: 5347 Bonus ------- High Alert Combat Kills 66 Follower Combat Kills 143 Entered Garrisons 200 Friendly Fire -47 Cogmind --------- Core Integrity 0/800 Matter 156/300 Energy 200/220 System Corruption 2% Temperature Critical (564) Movement Rolling (110) Ox2 Location -8/Garrison Parts ------- > --- POWER (2) -------- Light Nuclear Core Light Nuclear Core > --- PROPULSION (4) --- Light Treads Medium Treads Wheel Wheel > --- UTILITY (5) ------ Improved Cooling System Improved Signal Interpreter Hardened Heavy Armor Plating Improved Shield Generator > --- WEAPON (3) ------- Beam Rifle Beamcaster Rocket Launcher > --- INVENTORY (4) ---- Weapon Cycler Peak State ------------ > --- POWER ------------ Light Nuclear Core Light Nuclear Core > --- PROPULSION ------- Light Treads Medium Treads Wheel Wheel > --- UTILITY ---------- Improved Cooling System Improved Signal Interpreter Hardened Heavy Armor Plating Improved Shield Generator > --- WEAPON ----------- Beam Rifle Beamcaster Rocket Launcher > --- INVENTORY -------- Weapon Cycler [Rating: 41] Favorites ----------- Power Light Nuclear Core Engine Ion Engine Power Core Light Nuclear Core Propulsion Light Treads Treads Light Treads Leg Aluminum Leg Wheel Wheel Utility Improved Heat Sink Device Improved Heat Sink Processor Signal Interpreter Protection Improved Light Armor Plating Weapon Rocket Launcher Energy Gun Beamcaster Energy Cannon EM Pulse Cannon Ballistic Cannon Light Cannon Launcher Rocket Launcher Build | -11 -10 -10 -9 -9 -8 -8 ------- Run | Yrd Mat Min Mat Min Mat Gar Slots Evolved 10 | 3 . 2 2 . 2 1 Power 1 | . . . 1 . . . Propulsion 3 | 2 . . 1 . . . Utility 4 | . . 2 . . 1 1 Weapon 2 | 1 . . . . 1 . Parts Attached 33 | 8 4 6 4 3 5 3 Power 5 | 1 1 1 . 1 1 . Engine 3 | 1 1 . . 1 . . Core 2 | . . 1 . . 1 . Reactor . | . . . . . . . Propulsion 8 | 5 . . 1 1 1 . Treads 3 | 2 . . . 1 . . Leg 1 | 1 . . . . . . Wheel 4 | 2 . . 1 . 1 . Hover . | . . . . . . . Flight . | . . . . . . . Utility 10 | . 1 3 1 1 2 2 Device 6 | . 1 1 1 1 . 2 Storage . | . . . . . . . Processor 2 | . . 1 . . 1 . Hackware . | . . . . . . . Protection 2 | . . 1 . . 1 . Artifact . | . . . . . . . Weapon 10 | 2 2 2 2 . 1 1 Energy Gun 6 | 2 . 1 1 . 1 1 Energy Cannon 1 | . . . 1 . . . Ballistic Gun . | . . . . . . . Ballistic Cannon 1 | . 1 . . . . . Launcher 2 | . 1 1 . . . . Special Weapon . | . . . . . . . Impact Weapon . | . . . . . . . Slashing Weapon . | . . . . . . . Piercing Weapon . | . . . . . . . Special Melee Weapon . | . . . . . . . Unidentified Prototypes . | . . . . . . . Parts Lost 2 | . . . . 1 1 . Power . | . . . . . . . Propulsion 1 | . . . . 1 . . Utility 1 | . . . . . 1 . Weapon . | . . . . . . . Highest Loss Streak 1 | . . . . 1 1 . To Critical Strikes . | . . . . . . . Average Backups 1 | . 1 1 1 1 1 1 Power . | . . . . . . . Propulsion . | . . . . . . . Utility 1 | . 1 1 1 1 1 1 Weapon . | . . . . . . . Tool/Special . | . . . . . . . Unused Backups 4 | . 1 . 2 . . 1 Power 1 | . 1 . . . . . Propulsion . | . . . . . . . Utility 1 | . . . . . . 1 Weapon 2 | . . . 2 . . . Tool/Special . | . . . . . . . Average Slot Usage (%) 92 | . 98 100 88 89 80 85 Engine 7 | . 14 9 . 6 6 . Core 5 | . . 2 9 9 8 14 Treads 21 | . 28 23 18 18 15 14 Wheel 12 | . 14 11 16 12 8 14 Device 12 | . 13 19 9 8 7 11 Processor 6 | . . 9 9 9 7 7 Protection 4 | . . 1 8 9 6 7 Energy Gun 3 | . 1 6 1 . 2 10 Energy Cannon 2 | . . . 7 9 5 . Ballistic Cannon 4 | . 12 5 . . . . Launcher 10 | . 13 11 9 9 7 7 Peak Build Rating 41 | 6 9 18 20 27 35 41 Average Rating 18 | 4 8 12 18 23 29 38 On Entrance 16 | . 6 9 18 18 26 35 Avg Prop Armor Cover (%) 15 | 23 18 18 14 13 11 8 Naked Turns . | . . . . . . . Heaviest Build 48 | 7 12 16 20 30 47 48 Greatest Support 40 | 40 10 10 20 20 20 20 Greatest Overweight (x) 4 | . 1 1 1 2 4 2 Average Overweight (x) 1 | . . . . 1 2 2 Largest Inventory Capacity 4 | 2 2 2 3 3 4 4 Average Capacity 2 | 1 2 2 2 3 3 4 Most Carried 3 | 1 2 2 2 2 3 2 Average Carried 1 | . 1 1 1 1 1 1 Final Capacity 4 | 2 2 2 3 3 4 4 Final Carried 2 | 1 2 2 1 1 1 1 Class Distribution -------------------- 77% | Mutant 16% | Scavenger-Mutant 5% | Scavenger-Bomber Dominant Class ---------------- Mutant | -10/Materials Mutant | -10/Mines Mutant | -9/Materials Mutant | -9/Mines Mutant | -8/Materials Scavenger-Mutant | -8/Garrison Resources | -11 -10 -10 -9 -9 -8 -8 ----------- Run | Yrd Mat Min Mat Min Mat Gar Matter Collected 1181 | 268 302 196 203 36 74 102 Remotely . | . . . . . . . Salvage Created 2742 | . 343 265 676 75 784 599 Parts 151 | . 28 16 40 9 35 23 Haulers Intercepted 8 | . 2 . 2 . 4 . Recyclers Shooed 5 | . 2 . 3 . . . Parts Field Recycled . | . . . . . . . Retrieved Matter . | . . . . . . . Parts Self-Destructed . | . . . . . . . Prevented . | . . . . . . . Parts Restored . | . . . . . . . Kills | -11 -10 -10 -9 -9 -8 -8 ------- Run | Yrd Mat Min Mat Min Mat Gar Combat Hostiles Destroyed 45 | . 5 8 3 2 13 14 Guns 14 | . . 5 . . . 9 Cannons 15 | . 2 3 2 1 7 . AOE 15 | . 3 . 1 . 6 5 Classes Destroyed 14 | . 8 2 1 . 1 2 Worker 6 | . 2 1 2 . 1 . Builder 16 | . 2 4 6 1 3 . Tunneler 1 | . . 1 . . . . Hauler 8 | . 2 . 2 . 4 . Recycler 10 | . 2 1 6 . 1 . Operator 2 | . 1 . 1 . . . Watcher 7 | . 2 . 2 . 3 . Swarmer 9 | . 3 . . . 6 . Grunt 22 | . 2 3 2 2 6 7 Duelist 2 | . . . . . . 2 Sentry 4 | . . . 1 . . 3 Hunter 1 | . . . . . 1 . Programmer 2 | . . . . . . 2 Assembled 5 | . . 5 . . . . Best Kill Streak 21 | . 6 6 10 2 21 5 Combat Bots Only 11 | . 3 3 1 2 11 5 Max Kills in Single Turn 3 | . 2 1 2 1 3 2 Gunslinging . | . . . . . . . Exploded 3 | . 2 . 1 . 3 2 Melee . | . . . . . . . Uniques/NPCs Destroyed . | . . . . . . . Combat | -11 -10 -10 -9 -9 -8 -8 -------- Run | Yrd Mat Min Mat Min Mat Gar Hostile Shots Fired 217 | . 20 44 11 10 49 83 Missed 62 | . 4 7 6 4 17 24 Hits 155 | . 16 37 5 6 32 59 Melee 6 | . . 4 . . . 2 Projectile 149 | . 16 33 5 6 32 57 Critical Strikes 5 | . . 2 . . 2 1 Damage Taken 2662 | . 186 563 117 137 361 1298 Core 1877 | . 144 445 93 95 260 840 Absorbed by Shields . | . . . . . . . Redirected to Core 1503 | . 129 412 78 95 226 563 Core Remaining (%) 83 | 100 . 68 . 83 . . Volleys Fired 244 | . 33 63 31 7 66 44 Largest 2 | . 2 1 1 1 1 2 Hottest 131 | . 80 65 65 63 75 131 Shots Fired 256 | . 34 63 31 7 66 55 Gun 100 | . 1 39 2 . 9 49 Cannon 122 | . 23 24 16 6 53 . Launcher 34 | . 10 . 13 1 4 6 Special . | . . . . . . . Kinetic 47 | . 23 24 . . . . Thermal 100 | . 1 39 2 . 9 49 Explosive 34 | . 10 . 13 1 4 6 Electromagnetic 75 | . . . 16 6 53 . Robot Hit Streak 14 | . 11 11 5 3 14 12 Robot Miss Streak 2 | . 2 2 2 1 2 2 Penetration Max . | . . . . . . . Secondary Targets . | . . . . . . . Shots Hit Robots 181 | . 21 48 20 5 49 38 Core Hits 126 | . 22 21 27 4 27 25 Critical Kills . | . . . . . . . Critical Parts Destroyed . | . . . . . . . Critical Strikes 3 | . . . 1 . 1 1 Burn 2 | . . . . . 1 1 Corrupt 1 | . . . 1 . . . Melee Attacks . | . . . . . . . Impact . | . . . . . . . Slashing . | . . . . . . . Piercing . | . . . . . . . Sneak Attacks . | . . . . . . . Combat Hostiles . | . . . . . . . Follow-up Attacks . | . . . . . . . Damage Inflicted 6254 | . 757 784 1263 200 1840 1410 Guns 1320 | . . 433 31 . 147 709 Cannons 2331 | . 312 345 367 136 1171 . Explosions 2597 | . 445 . 865 64 522 701 Melee . | . . . . . . . Ramming 6 | . . 6 . . . . Kinetic 657 | . 312 345 . . . . Thermal 1527 | . 53 433 61 . 271 709 Explosive 2390 | . 392 . 835 64 398 701 Electromagnetic 1674 | . . . 367 136 1171 . Impact . | . . . . . . . Slashing . | . . . . . . . Piercing . | . . . . . . . Highest Corruption 4 | . 4 4 . . . 2 Average Corruption 3 | . 3 4 . . . 1 Corruption Purged . | . . . . . . . Corruption Blocked . | . . . . . . . Effects 27 | . 10 11 . . . 6 Message Errors 11 | . 4 5 . . . 2 Matter Fused 8 | . 3 3 . . . 2 Heat Flow Errors 3 | . . 1 . . . 2 Energy Discharges 1 | . 1 . . . . . Parts Fused 1 | . . 1 . . . . Data Loss (minor) 3 | . 2 1 . . . . Overload Shots . | . . . . . . . Overflow Damage 173 | . 28 . 69 . 76 . Projectiles 94 | . 5 . 27 . 62 . Explosions 79 | . 23 . 42 . 14 . Melee . | . . . . . . . Knockbacks 7 | . 6 1 . . . . Impact . | . . . . . . . Kinetic 7 | . 6 1 . . . . Secondary . | . . . . . . . Self-Inflicted Damage 195 | . 45 3 44 37 17 49 Shots 9 | . 3 . 2 1 1 2 Rammed 1 | . . 1 . . . . Targets Rammed 1 | . . 1 . . . . Kicked . | . . . . . . . Crushed . | . . . . . . . Highest Temperature 564 | . 2 129 18 5 108 564 Average Temperature 79 | . 2 34 6 4 32 111 Received Heat Transfer 633 | . 30 171 27 45 99 261 Effects 9 | . . . . . . 9 Shutdowns 3 | . . . . . . 3 Interference 3 | . . . . . . 3 Matter Decay 2 | . . . . . . 2 Damage (core) 1 | . . . . . . 1 Siege Activations . | . . . . . . . Martial Activations . | . . . . . . . Shielding Activations . | . . . . . . . Robots Disrupted . | . . . . . . . Combat Hostiles . | . . . . . . . Robots Corrupted 5 | . . . 1 1 3 . Combat Hostiles 1 | . . . . 1 . . Parts Fried 7 | . . . . . 7 . Impact Corruptions . | . . . . . . . Robots Melted . | . . . . . . . Combat Hostiles . | . . . . . . . Parts Melted 6 | . . . . . . 6 Heat Transferred 3025 | . 50 1036 124 . 483 1332 Parts Sabotaged . | . . . . . . . Parts Stolen . | . . . . . . . Parts Stripped . | . . . . . . . Power Chain Reactions 4 | . . . 2 . 2 . Alert | -11 -10 -10 -9 -9 -8 -8 ------- Run | Yrd Mat Min Mat Min Mat Gar Maximum Alert Level 2 | . . . 1 . 1 2 Low Security (%) 77 | 100 100 100 88 100 39 3 Level 1 14 | . . . 11 . 60 38 Level 2 7 | . . . . . . 58 Level 3 . | . . . . . . . Level 4 . | . . . . . . . Level 5 . | . . . . . . . High Security . | . . . . . . . Max Security . | . . . . . . . Peak Influence 642 | . 135 70 273 102 347 642 Initial 192 | . . 18 . 102 17 192 Average 121 | . 51 13 126 70 213 414 Influence Increases 1909 | . 338 158 433 64 466 450 Destroy 0b10 Robot/C 900 | . 100 100 120 40 260 280 Destroy 0b10 Robot/NC 250 | . 55 35 95 5 60 . Destroy Leader 180 | . 28 20 58 10 54 10 Allied During Kill 14 | . . 3 11 . . . Successful Hack 8 | . 7 . 1 . . . Disable Machine 150 | . 30 . 60 . 60 . Anti-Garrison Action 100 | . . . . . . 100 Destroy Structure 262 | . 73 . 88 9 32 60 Partial Spotted 15 | . 15 . . . . . Lose Combat Pursuer 30 | . 30 . . . . . Influence Decreases 1267 | . 289 207 170 281 216 104 Entered New Map 325 | . . 31 . 161 29 104 Time Decay 922 | . 289 176 170 110 177 . Lost Part 20 | . . . . 10 10 . Squads Dispatched 5 | . 1 . 3 . 1 . Investigation 1 | . . . 1 . . . Extermination . | . . . . . . . Reinforcement 4 | . 1 . 2 . 1 . Assault . | . . . . . . . Garrison . | . . . . . . . Intercept . | . . . . . . . Searches Triggered . | . . . . . . . Construction Impeded 2 | . . . 1 . 1 . Haulers Reinforced . | . . . . . . . Active Scanning Responses . | . . . . . . . Cargo Convoy Interrupts . | . . . . . . . Stealth | -11 -10 -10 -9 -9 -8 -8 --------- Run | Yrd Mat Min Mat Min Mat Gar Distress Signals 5 | . 2 1 1 . 1 . Communications Jammed . | . . . . . . . Distress Signals . | . . . . . . . Times Spotted 64 | . 11 12 8 2 16 15 Peak Tracking Total 8 | . 3 3 3 2 8 6 Tactical Retreats 4 | . 2 2 . . . . Traps | -11 -10 -10 -9 -9 -8 -8 ------- Run | Yrd Mat Min Mat Min Mat Gar Traps Triggered 7 | . 2 . . 1 . 4 Indirectly . | . . . . . . . Trap Hack Attempts . | . . . . . . . Triggered . | . . . . . . . Disarmed . | . . . . . . . Reprogrammed . | . . . . . . . Reused . | . . . . . . . Traps Extracted . | . . . . . . . Installed . | . . . . . . . Triggered . | . . . . . . . Machines | -11 -10 -10 -9 -9 -8 -8 ---------- Run | Yrd Mat Min Mat Min Mat Gar Machines Disabled 12 | . 2 . 4 . 4 2 Max in Single Turn 2 | . 2 . 2 . 1 1 Garrison Relay 2 | . . . . . . 2 Machines Repaired . | . . . . . . . Machines Dismantled . | . . . . . . . Machines Sabotaged . | . . . . . . . Overloaded Fab Kills . | . . . . . . . Hacking | -11 -10 -10 -9 -9 -8 -8 --------- Run | Yrd Mat Min Mat Min Mat Gar Machines Accessed 5 | . 2 . 1 1 1 . Terminals 2 | . 2 . . . . . Fabricators . | . . . . . . . Repair Stations . | . . . . . . . Recycling Units 1 | . . . 1 . . . Scanalyzers . | . . . . . . . Garrison Access 1 | . . . . . 1 . Total Hacks 14 | . 9 . 3 1 1 . Successful 10 | . 5 . 3 1 1 . Failed 4 | . 4 . . . . . Catastrophic . | . . . . . . . Database Lockouts . | . . . . . . . Manual . | . . . . . . . Terminals 9 | . 9 . . . . . Fabricators . | . . . . . . . Repair Stations . | . . . . . . . Recycling Units 3 | . . . 3 . . . Scanalyzers . | . . . . . . . Garrison Access 1 | . . . . . 1 . Terminal Hacks 6 | . 5 . . 1 . . Record 1 | . 1 . . . . . Open Door 1 | . . . . 1 . . Emergency Access Points 1 | . 1 . . . . . Reinforcement Status 1 | . 1 . . . . . Assault Status 1 | . 1 . . . . . Hauler Manifests 1 | . 1 . . . . . Fabricator Hacks . | . . . . . . . Repair Station Hacks . | . . . . . . . Recycling Unit Hacks 3 | . . . 3 . . . Recycle Component 1 | . . . 1 . . . Report Inventory 1 | . . . 1 . . . Retrieve Matter 1 | . . . 1 . . . Scanalyzer . | . . . . . . . Garrison Access Hacks 1 | . . . . . 1 . Unlock Access 1 | . . . . . 1 . Unauthorized Hacks . | . . . . . . . Terminals . | . . . . . . . Fabricators . | . . . . . . . Repair Stations . | . . . . . . . Recycling Units . | . . . . . . . Scanalyzers . | . . . . . . . Garrison Access . | . . . . . . . Data Cores Recovered 1 | . . . 1 . . . Used . | . . . . . . . Hacking Detections 2 | . 1 . 1 . . . Full Trace Events 1 | . . . 1 . . . Feedback Events . | . . . . . . . Feedback Blocked . | . . . . . . . Robot Schematics Acquired . | . . . . . . . Robots Built . | . . . . . . . Authchips . | . . . . . . . Time . | . . . . . . . Total Robot Build Rating . | . . . . . . . Part Schematics Acquired . | . . . . . . . Parts Built . | . . . . . . . Authchips . | . . . . . . . Time . | . . . . . . . Total Part Build Rating . | . . . . . . . Part Studies Acquired . | . . . . . . . Parts Repaired . | . . . . . . . Time . | . . . . . . . Parts Recycled 1 | . . . 1 . . . Recycled Matter . | . . . . . . . Retrieved Matter 50 | . . . 50 . . . Retrieved Components . | . . . . . . . Parts Scanalyzed . | . . . . . . . Part Schematics Acquired . | . . . . . . . Parts Damaged . | . . . . . . . Bothacking | -11 -10 -10 -9 -9 -8 -8 ------------ Run | Yrd Mat Min Mat Min Mat Gar Used RIF Installer . | . . . . . . . Robots Hacked . | . . . . . . . Non-combat . | . . . . . . . Combat . | . . . . . . . Robot Hacks Applied . | . . . . . . . Relay Couplers Released 4 | . . . . . . 4 Machine Destruction 4 | . . . . . . 4 Fabnet Peak Effective % . | . . . . . . . Robots Rewired . | . . . . . . . Allies Hacked . | . . . . . . . Hacks Repelled . | . . . . . . . Allies | -11 -10 -10 -9 -9 -8 -8 -------- Run | Yrd Mat Min Mat Min Mat Gar Total Allies 1 | . . 1 . . . . Largest Group 1 | . . 1 1 . . . Highest-Rated Group 31 | . . 31 31 . . . Highest-Rated Ally 31 | . . 31 31 . . . Total Orders . | . . . . . . . Ally Attacks 19 | . . 9 10 . . . Total Damage 191 | . . 83 108 . . . Kills 5 | . . 2 3 . . . Allies Corrupted . | . . . . . . . Allies Melted . | . . . . . . . Intel | -11 -10 -10 -9 -9 -8 -8 ------- Run | Yrd Mat Min Mat Min Mat Gar Active Infowar (turns) 446 | . . 432 14 . . . Sensors 446 | . . 432 14 . . . Robot Analysis Total . | . . . . . . . Derelict Logs Recovered 1 | . . 1 . . . . Drone Launches . | . . . . . . . Drone Recoveries . | . . . . . . . Exploration | -11 -10 -10 -9 -9 -8 -8 ------------- Run | Yrd Mat Min Mat Min Mat Gar Turns Passed 2742 | 82 720 626 368 224 373 349 Spaces Moved 2050 | 56 639 479 295 189 177 215 Core 4 | 4 . . . . . . Treads 22 | 22 . . . . . . Legs . | . . . . . . . Wheels 2024 | 30 639 479 295 189 177 215 Hover . | . . . . . . . Flight . | . . . . . . . Fastest Speed 50 | 50 80 80 80 80 110 110 Average Speed 97 | 109 93 94 83 97 117 110 Slowest Speed 160 | 160 95 95 95 110 140 110 Overloaded Moves . | . . . . . . . Propulsion Burnouts . | . . . . . . . Robots Hopped . | . . . . . . . Potential Cave-ins . | . . . . . . . Cave-ins Triggered . | . . . . . . . Exploration Rate (%) 37 | 4 82 78 23 34 13 28 Regions Visited 6 Branch Regions 2 Pre-discovered Areas 1 | . . 1 . . . . Known Exits Taken 4 | . . 1 1 1 1 . Unknown Exits Taken 2 | 1 1 . . . . . Scrap Searched 1 | . . . . 1 . . Spaces Dug 11 | . . . . . 11 . Terrain Destroyed 269 | . 69 . 96 10 46 48 Melee . | . . . . . . . Projectile 1 | . . . . . . 1 AOE 268 | . 69 . 96 10 46 47 Terrain Rammed . | . . . . . . . Walls Destroyed . | . . . . . . . Machines Disabled . | . . . . . . . Actions | -11 -10 -10 -9 -9 -8 -8 --------- Run | Yrd Mat Min Mat Min Mat Gar Total 2549 | 75 727 588 385 221 276 277 Wait 116 | . 36 16 39 12 5 8 Move 2044 | 55 638 478 294 188 176 215 Hop . | . . . . . . . Pick Up 27 | 4 4 5 3 3 5 3 Fast Attach 13 | 8 2 . 3 . . . Attach 19 | 3 1 5 . 2 4 4 Detach 2 | . . . . . . 2 Swap 8 | . 2 1 3 1 1 . Drop 23 | 5 5 3 5 2 2 1 Fire 244 | . 33 63 31 7 66 44 Melee . | . . . . . . . Ram 1 | . . 1 . . . . Kick . | . . . . . . . Crush . | . . . . . . . Escape Stasis . | . . . . . . . Rewire . | . . . . . . . Trap . | . . . . . . . Miscellaneous 52 | . 6 16 7 6 17 . Route ------- -11/Scrapyard -10/Materials (discovered 3 exits: *Mat x2 / [*Min]) -10/Mines -9/Materials -9/Mines -8/Materials -8/Garrison History --------- Turn | Location | Event 1 | -11/Scrapyard | Upgraded with Propulsion slot (x2) 5 | -11/Scrapyard | Discovered new exit (range 15) 34 | -11/Scrapyard | Upgraded with Weapon slot (x1) 83 | -11/Scrapyard | Entered Materials 84 | -10/Materials | Met a group of wandering Federalists 171 | -10/Materials | Lost 5 allies 301 | -10/Materials | Build established: Mutant 349 | -10/Materials | Discovered new exit (range 4) 419 | -10/Materials | Discovered new exit (range 9) 538 | -10/Materials | Discovered new exit (range 6) 803 | -10/Materials | Entered Mines 855 | -10/Mines | Reached level 2 876 | -10/Mines | Escorted by a lone wolf Derelict 902 | -10/Mines | Found a hidden stash of uninstalled traps 908 | -10/Mines | Upgraded with Utility slot (x2) 954 | -10/Mines | Assembled infested the area 988 | -10/Mines | Learned location of Storage (-7) 1020 | -10/Mines | Found a damaged Exp. Sensor Array with a note attached 1022 | -10/Mines | Found Prototype Device 1187 | -10/Mines | Learned Materials trap positions 1262 | -10/Mines | Received a Rocket Launcher from a helpful Derelict 1270 | -10/Mines | Discovered new exit (range 14) 1429 | -10/Mines | Identified exit to Materials 1429 | -10/Mines | Entered Materials 1429 | -9/Materials | Accompanied by 1 ally 1430 | -9/Materials | Loaded intel: 21 trap records 1431 | -9/Materials | Reached level 3 1431 | -9/Materials | Upgraded with Power slot (x1) 1431 | -9/Materials | Upgraded with Propulsion slot (x1) 1548 | -9/Materials | Discovered new exit (range 13) 1756 | -9/Materials | Reached level 4 1796 | -9/Materials | Identified exit to Mines 1797 | -9/Materials | Entered Mines 1803 | -9/Mines | Met a Derelict bent on vengeance 1851 | -9/Mines | Met a Derelict who couldn't figure out how to use a Trap Extractor 1978 | -9/Mines | Discovered new exit (range 7) 1983 | -9/Mines | Identified exit to Materials 2021 | -9/Mines | Entered Materials 2023 | -8/Materials | Reached level 5 2046 | -8/Materials | Upgraded with Utility slot (x1) 2150 | -8/Materials | Reached level 6 2175 | -8/Materials | Core integrity fell below 50% 2211 | -8/Materials | Destroyed 11 combat bots 2244 | -8/Materials | Upgraded with Weapon slot (x1) 2393 | -8/Materials | Identified exit to Garrison 2394 | -8/Materials | Entered Garrison 2396 | -8/Garrison | Reached level 7 2396 | -8/Garrison | Upgraded with Utility slot (x1) 2595 | -8/Garrison | Garrison Relay disabled 2607 | -8/Garrison | Garrison Relay disabled 2607 | -8/Garrison | Reached level 8 2702 | -8/Garrison | Triggered checkpoint 2706 | -8/Garrison | Triggered checkpoint 2730 | -8/Garrison | Core integrity fell below 20% 2744 | -8/Garrison | Core melted Last Messages --------------- 02702_ Beams of light sweep through the air. An alarm sounds. 02708_ C-45 Heavy ARC bursts open, deploying its payload. 02708_ L-31 Rogue unfolds itself. 02708_ G-47 Trooper unfolds itself. 02714_ G-47 Trooper suffers critical hit (Burn). 02716_ G-47 Trooper destroyed. 02727_ Melee Analysis Suite melted. 02727_ L-31 Rogue destroyed. 02728_ System corrupted: Heat flow error (+273). 02729_ Overheating: Matter decay (-64). 02730_ G-47 Trooper destroyed. 02731_ Power failure, Lgt. Nuclear Core shutdown. 02736_ Overheating: Matter decay (-38). 02736_ Aluminum Leg melted. 02736_ G-47 Trooper destroyed. 02741_ Power failure, Lgt. Nuclear Core shutdown. 02742_ Imp. Heat Sink melted. 02742_ G-47 Trooper destroyed. 02743_ Power failure, Lgt. Nuclear Core shutdown. 02744_ Overheating: Core damaged (-160). Map ----- +----------------------------------------------------+ | ??????????????????????????? ????????????????????? | | ??????????????????????????# ????????????????????? | | ?????????????????????????## #???????????????????? | | ?????????????????????????# ???????????????????? | | ?????????????????????????# ???????????????????? | | ?????????????????????????# ???????? ????????? | | ?????????????????????????# #?????#? #????????? | | ???????????????????????### ##??? ## #????????? | | ???????????????????????# ?? "????????? | | ???????????????????????# " ? "????????? | | ???????????????????????? %" ?? ??????????? | | ?????????????????????????" ? ????????????? | | ????????????????????????## #? #??? #????????? | | ???????????????????????? ## ## ###??????? | | ???????????????????????? ???? | | ????????????????????????? ???? | | ????????????????????????? * #????????? | | ????????????????????????? %% # ## ##????????? | | ????????????????????????? ! #? #?????????????? | | ????????????????????????? ???###?????????????? | | ????????????????????????? #???????????????????? | | ????#####????????????????# #???????????????????? | | ????# ####?????????????# #???????????????????? | | #???# # #?????????????#= #???????????????????? | | ###### ## ###############%% #???????????????????? | | =%%= @== #???????????????????? | | #???????????????????? | | #???????????????????? | | # #######+#####T####???????????????????? | | # #### #?????# #???###??????????????????????? | | #??#^#?????# #????????????????????????????? | | # # #??# #?????# #????????????????????????????? | | # ## #??# #?????# #????????????????????????????? | | ### ###??# #?????# #????????????????????????????? | | ## ##????# #?????# #????????????????????????????? | | ### #?????# #?????# #????????????????????????????? | | #?# #?????# #?????# #????????????????????????????? | | ### #?###?# #?????# #????????????????????????????? | | ### ### ### #?????# #????????????????????????????? | | # # ## #####?# #####????????????????????????? | | [# ! ## ##!!### ##!!##???????????????????????? | | = * !! #???????????????????????? | | ##!# | # # !##=# !#???????????????????????? | | # !#! | # #!! !##%#// !#???????????????????????? | | ##% !! | # #!! !##%#// !#???????????????????????? | | ## ## # ################???????????????????????? | | ###### ###??????????????????????????????????????? | | #??######????????????????????????????????????????? | | #????????????????????????????????????????????????? | | #????????????????????????????????????????????????? | +----------------------------------------------------+ Best States ------------- Heat Dissipation 52 Energy Generation 25 Energy Capacity 350 Matter Stores 300 Matter Capacity 300 Sight Range 18 Robot Scan Range 14 Terrain Scan Density 10 Armor Coverage 600 Weapon Cycling 15 Evasion (%) 44 Recoil Reduction 2 Item Schematics ----------------- None Robot Schematics ------------------ None Fabricated ------------ Nothing Repaired ---------- Nothing Studied --------- None Alien Tech Used ----------------- None Achievements -------------- Hey, That's Mine! I Survived The Infestation Overwhelming Power Corrupts Remodeling Shopping List Challenges ------------ None RPGLIKE | -11 -10 -10 -9 -9 -8 -8 --------- Run | Yrd Mat Min Mat Min Mat Gar Levels Raised 7 | . . 1 2 . 2 2 XP Earned 14234 | 3000 785 1129 2690 750 3300 2580 XP Spent 13260 | 2550 400 1300 2850 . 3300 2860 Upgrades 24 | 5 1 2 4 . 5 7 Power Slot 1 | . . . 1 . . . Propulsion Slot 3 | 2 . . 1 . . . Utility Slot 4 | . . 2 . . 1 1 Weapon Slot 2 | 1 . . . . 1 . Core Integrity 4 | . . . . . . 4 Inventory Capacity 4 | 2 . . 1 . 1 . Sight Range 2 | . . . . . 2 . Ranged Accuracy 4 | . 1 . 1 . . 2 Protomatter Created 391 | . 36 94 52 41 89 79 Integrity Restored 1058 | . 108 320 156 123 351 . Core 1030 | . 108 292 156 123 351 . Parts 28 | . . 28 . . . . Protomatter Decayed 215 | . 163 32 . . 20 . Game ------ Seed NovaDrainedExtractor Manual? 0 Play Time 01:10:25 Cumulative 3.4 hours Start 2026.06.26 @ 06:58:35 End 2026.06.26 @ 09:27:14 Sessions 5 Manual Loads 0 Difficulty Rogue Special Mode Winter2019/RPGLIKE Game No. 5 Rogue 5 Adventurer 0 Explorer 0 Win Type - Total 0 Types 0/0/0/0/0/0/0/0/0/0 Lore% 2 Gallery% 9 Achievement% 8 Wizard Run 0 Options --------- Layout 0 ASCII 0 Keyboard 0 Movement Mouse Keybinds 0 Fullscreen 2 Font 18/SmallcapsGlow Map View 76x50 Zoom Use 0% Tactical HUD 1 Map Filters NONE Filters NONE Steam 1 RUN: e0d1bfb9-4c1a-4b32-acff-13971a9b80c5